 Dungeon Sprint DCSS version 0.17-a0-1741-gd5e8965 (webtiles) character file.

6900000 ztt the Plane Walker (level 27, -1/273 HPs)
             Began as a Ghoul Warper on Aug 31, 2015.
             Was the Champion of Makhleb.
             Slain by a destroyer
             ... wielding a +9 great sword of slicing
              (7 damage)
             ... in the Dungeon (Sprint VIII: "Arena of Blood").
             The game lasted 00:01:43 (69 turns).

ztt the Plane Walker (Ghoul Warper)                   Turns: 69, Time: 00:01:43

Health: -1/273     AC:  6    Str: 19    XL:     27
Magic:  17/53      EV: 32    Int:  8    God:    Makhleb [******]
Gold:   0          SH:  0    Dex: 17    Spells: 1 memorised, 79 levels left

rFire  . . .     SeeInvis +     l - +∞ Axe of Woe
rCold  + . .     Clarity  .     b - +0 leather armour
rNeg   + + +     SustAt   .     (no shield)
rPois  ∞         Gourm    .     (no helmet)
rElec  .         Spirit   .     (no cloak)
rCorr  .         Warding  .     (no gloves)
rMut   .         NoTele   +     (no boots)
MR     ++...                    (no amulet)
Stlth  +++++++++.               (no ring)
                                m - ring of see invisible

@: rotting, very resistant to hostile enchantments, incredibly stealthy
A: rotting body, claws 1, carnivore 3, cold resistance 1, negative energy
resistance 3, slow healing 1, torment resistance, unbreathing
a: Minor Destruction, Lesser Servant of Makhleb, Major Destruction, Greater
Servant of Makhleb, Renounce Religion


You were in the Dungeon.
You worshipped Makhleb.
Makhleb was exalted by your worship.
You were not hungry.

You visited 1 branch

Inventory:

Hand weapons
 a - a +0 hand axe
 l - the +∞ Axe of Woe (weapon)
   (You found it in the Dungeon)
Missiles
 e - 5 tomahawks of dispersal (quivered)
Armour
 b - a +0 leather armour (worn)
Jewellery
 m - a ring of see invisible (left claw)
Scrolls
 d - 2 scrolls of blinking
Potions
 g - a potion of curing
 h - a potion of heal wounds
 i - a potion of haste
 j - 2 potions of magic
 k - a potion of berserk rage
Books
 c - a book of Spatial Translocations

   Spells                             Type                      Level
   a - Apportation                    Translocation                1
   b - Blink                          Translocation                2
   c - Shroud of Golubria             Charms/Translocation         2
   d - Portal Projectile              Translocation                3
   e - Teleport Other                 Translocation                3
   f - Passage of Golubria            Translocation                4
Comestibles
 f - a meat ration


   Skills:
 O Level 27 Fighting
 O Level 27 Axes
 O Level 27 Throwing
 O Level 27 Armour
 O Level 27 Dodging
 O Level 27 Stealth
 O Level 27 Unarmed Combat
 O Level 27 Spellcasting
 O Level 27 Translocations
 O Level 27 Invocations


You had 79 spell levels left.
You knew the following spells:

 Your Spells              Type           Power        Failure   Level  Hunger
a - Apportation           Tloc           ######....   0%          1    None


Dungeon Overview and Level Annotations

Branches:
Dungeon (1/1)

Altars:
Makhleb


Innate Abilities, Weirdness & Mutations

Your body is rotting away.
You thrive on raw meat.
You are immune to poison.
You have sharp fingernails.
You are carnivorous and can eat meat at any time.
Your flesh is cold resistant.
You are immune to negative energy.
You heal slowly when monsters are visible.
You are immune to unholy pain and torment.
You can survive without breathing.


Message History

Makhleb accepts your kill.
You slice the bag of meat!!
You cleave the bag of meat in twain.
You kill the bag of meat!
Makhleb accepts your kill.
You hit the bag of meat.
You dissect the bag of meat like a pig carcass.
You kill the bag of meat!
Makhleb accepts your kill.
You hear a shout! x6
Unknown command.
Unknown command.
Unknown command.
You hear a shout! x6
The accursed gestures at you while chanting.
Something smites you!
The destroyer hits you with a +9 great sword of slicing!!!!!
Ouch! That really hurt!
* * * LOW HITPOINT WARNING * * *
x2 The destroyer bites you!
You die...

..#.)))...#.....
..#.......#.......
.................... ..
..%............#...# ...
.........o...o#z...#....
.......))§oO##.....#LO..
..#....).))#..z...#....#
..%..§.)§))#.o.###oo..#
##.#...§)§)).)V@Ooo#oCo
..........).M.V)o..Oo..
....#....%####.).......
.%......... #.......###
.................####
..............####
#############


You could see an accursed, a tyrant, 2 destroyers, 4 meat berserkers and 9 bags
of meat.

Vanquished Creatures
  A hell beast (D)
  A greater mummy (D)
  8 vampire knights (D)
  18 ogres (D)
  A lich (D)
  40 orcs (D)
  2 hill giants (D)
  3 skeletal warriors (D)
  3 large abominations (D)
  2 small abominations (D)
  4 crawling corpses (D)
83 creatures vanquished.

Vanquished Creatures (others)
  A crawling corpse (D)
1 creature vanquished.

Grand Total: 84 creatures vanquished

Notes
Turn   | Place    | Note
--------------------------------------------------------------
     0 | D        | ztt the Ghoul Warper began the quest for the Orb.
     0 | D        | Reached XP level 1. HP: 17/17 MP: 2/2
     3 | D        | Noticed a bag of meat
     4 | D        | Noticed a bag of meat
     4 | D        | Became a worshipper of Makhleb the Destroyer
     5 | D        | Noticed a bag of meat
     5 | D        | Noticed a bag of meat
     7 | D        | Noticed a meat berserker
     8 | D        | Noticed a meat berserker
     8 | D        | Killed a bag of meat
     8 | D        | Reached skill level 11 in Fighting
     8 | D        | Reached skill level 10 in Spellcasting
     8 | D        | Reached skill level 17 in Translocations
     8 | D        | Reached XP level 2. HP: 20/40 MP: 2/12
     8 | D        | Reached XP level 3. HP: 23/47 MP: 2/13
     8 | D        | Reached XP level 4. HP: 26/55 MP: 2/15
     8 | D        | Reached XP level 5. HP: 28/61 MP: 2/16
     8 | D        | Reached XP level 6. HP: 31/68 MP: 2/18
     8 | D        | Reached XP level 7. HP: 33/74 MP: 2/19
     8 | D        | Reached XP level 8. HP: 36/82 MP: 2/21
     8 | D        | Reached XP level 9. HP: 39/89 MP: 2/22
     8 | D        | Reached XP level 10. HP: 42/96 MP: 2/23
     8 | D        | Reached XP level 11. HP: 44/102 MP: 2/24
     8 | D        | Reached XP level 12. HP: 47/110 MP: 2/25
     8 | D        | Killed a bag of meat
     8 | D        | Acquired Makhleb's first power
     8 | D        | Reached skill level 10 in Dodging
     8 | D        | Reached skill level 20 in Translocations
     8 | D        | Reached XP level 13. HP: 49/122 MP: 2/28
     9 | D        | Noticed a bag of meat
     9 | D        | Noticed a bag of meat
     9 | D        | Noticed a bag of meat
     9 | D        | Killed a meat berserker
     9 | D        | Reached skill level 15 in Fighting
     9 | D        | Reached skill level 5 in Throwing
     9 | D        | Reached skill level 23 in Translocations
     9 | D        | Reached XP level 14. HP: 52/135 MP: 2/30
     9 | D        | Killed a bag of meat
     9 | D        | Acquired Makhleb's second power
     9 | D        | Reached skill level 24 in Translocations
     9 | D        | Reached XP level 15. HP: 54/144 MP: 2/32
     9 | D        | Noticed a bag of meat
    10 | D        | Noticed a bag of meat
    10 | D        | Killed a meat berserker
    10 | D        | Reached skill level 15 in Spellcasting
    10 | D        | Reached skill level 25 in Translocations
    10 | D        | Reached XP level 16. HP: 56/157 MP: 2/34
    11 | D        | Noticed a meat berserker
    11 | D        | Noticed a bag of meat
    11 | D        | Noticed a bag of meat
    12 | D        | Noticed a bag of meat
    12 | D        | Killed a meat berserker
    12 | D        | Acquired Makhleb's third power
    12 | D        | Reached skill level 5 in Armour
    12 | D        | Reached skill level 15 in Dodging
    12 | D        | Reached skill level 27 in Translocations
    13 | D        | Noticed a meat berserker
    13 | D        | Noticed a bag of meat
    13 | D        | Noticed a bag of meat
    13 | D        | Noticed a bag of meat
    13 | D        | Noticed a meat berserker
    13 | D        | Noticed a bag of meat
    13 | D        | Killed a bag of meat
    13 | D        | Reached XP level 17. HP: 59/171 MP: 3/38
    13 | D        | Killed a bag of meat
    13 | D        | Killed a bag of meat
    13 | D        | Acquired Makhleb's fourth power
    14 | D        | Noticed a bag of meat
    14 | D        | Noticed a bag of meat
    14 | D        | Noticed a bag of meat
    14 | D        | Killed a bag of meat
    14 | D        | Reached XP level 18. HP: 184/188 MP: 3/41
    14 | D        | Killed a bag of meat
    15 | D        | Noticed a bag of meat
    15 | D        | Noticed a bag of meat
    15 | D        | Noticed a bag of meat
    15 | D        | Killed a bag of meat
    15 | D        | Acquired Makhleb's fifth power
    15 | D        | Killed a bag of meat
    15 | D        | Noticed a bag of meat
    16 | D        | Noticed a bag of meat
    17 | D        | Killed a meat berserker
    17 | D        | Reached XP level 19. HP: 166/206 MP: 4/44
    17 | D        | Killed a bag of meat
    17 | D        | Reached skill level 27 in Fighting
    17 | D        | Killed a meat berserker
    17 | D        | Reached skill level 27 in Axes
    17 | D        | Reached skill level 10 in Throwing
    17 | D        | Killed a bag of meat
    17 | D        | Reached skill level 10 in Armour
    17 | D        | Reached XP level 20. HP: 216/216 MP: 4/49
    18 | D        | Noticed a bag of meat
    18 | D        | Noticed a bag of meat
    18 | D        | Noticed a bag of meat
    18 | D        | Killed a bag of meat
    18 | D        | Reached skill level 27 in Spellcasting
    18 | D        | Killed a bag of meat
    19 | D        | Noticed a bag of meat
    19 | D        | Killed a bag of meat
    19 | D        | Reached skill level 27 in Dodging
    20 | D        | Noticed a destroyer
    20 | D        | Killed a bag of meat
    20 | D        | Reached skill level 15 in Armour
    20 | D        | Killed a bag of meat
    20 | D        | Reached XP level 21. HP: 224/224 MP: 5/51
    21 | D        | Killed a bag of meat
    22 | D        | Killed a bag of meat
    22 | D        | Killed a bag of meat
    22 | D        | Killed a bag of meat
    23 | D        | Noticed a bag of meat
    23 | D        | Noticed a large bag of meat
    23 | D        | Noticed a destroyer
    23 | D        | Killed a bag of meat
    23 | D        | Reached XP level 22. HP: 233/233 MP: 6/52
    23 | D        | Killed a destroyer
    23 | D        | Reached skill level 27 in Throwing
    23 | D        | Reached skill level 27 in Armour
    24 | D        | Killed a bag of meat
    24 | D        | Reached skill level 10 in Stealth
    25 | D        | Killed a bag of meat
    28 | D        | Noticed a bag of meat
    29 | D        | Noticed a meat berserker
    31 | D        | Noticed a meat berserker
    31 | D        | Noticed a meat berserker
    31 | D        | Noticed a bag of meat
    32 | D        | Noticed a bag of meat
    32 | D        | Noticed a bag of meat
    32 | D        | Noticed a bag of meat
    32 | D        | Noticed a destroyer
    33 | D        | Noticed a sculptor of flesh
    33 | D        | Killed a bag of meat
    33 | D        | Reached skill level 15 in Unarmed Combat
    33 | D        | Reached skill level 15 in Invocations
    33 | D        | Reached XP level 23. HP: 240/240 MP: 9/53
    33 | D        | Killed a destroyer
    33 | D        | Killed a meat berserker
    33 | D        | Killed a bag of meat
    34 | D        | Noticed a destroyer
    35 | D        | Noticed a sculptor of flesh
    35 | D        | Killed a meat berserker
    35 | D        | Reached skill level 27 in Stealth
    35 | D        | Reached XP level 24. HP: 249/249 MP: 8/53
    35 | D        | Killed a large bag of meat
    35 | D        | Reached skill level 27 in Unarmed Combat
    35 | D        | Reached skill level 27 in Invocations
    36 | D        | Killed a bag of meat
    36 | D        | Killed a bag of meat
    36 | D        | Killed a meat berserker
    37 | D        | Killed a destroyer
    37 | D        | Reached XP level 25. HP: 257/257 MP: 9/53
    38 | D        | Killed a destroyer
    39 | D        | Killed a bag of meat
    39 | D        | Killed a bag of meat
    40 | D        | Killed a bag of meat
    40 | D        | Killed a bag of meat
    40 | D        | Reached XP level 26. HP: 266/266 MP: 9/53
    41 | D        | Killed a bag of meat
    42 | D        | Killed a sculptor of flesh
    42 | D        | Killed a bag of meat
    43 | D        | Noticed a large bag of meat
    44 | D        | Noticed a sculptor of flesh
    45 | D        | Noticed a destroyer
    45 | D        | Killed a sculptor of flesh
    46 | D        | Noticed a sculptor of flesh
    46 | D        | Noticed a destroyer
    46 | D        | Noticed a destroyer
    48 | D        | Noticed a tyrant
    49 | D        | Noticed an accursed
    49 | D        | Noticed a meat berserker
    49 | D        | Killed a destroyer
    50 | D        | Noticed a meat berserker
    50 | D        | Killed a large bag of meat
    50 | D        | Reached XP level 27. HP: 273/273 MP: 12/53
    51 | D        | Noticed a meat berserker
    51 | D        | Killed a tyrant
    51 | D        | Killed a destroyer
    52 | D        | Noticed a bag of meat
    53 | D        | Killed a sculptor of flesh
    53 | D        | Killed a meat berserker
    55 | D        | Noticed a destroyer
    55 | D        | Killed a meat berserker
    55 | D        | Noticed a destroyer
    56 | D        | Noticed a meat berserker
    57 | D        | Killed a destroyer
    57 | D        | Killed a bag of meat
    57 | D        | Killed a meat berserker
    58 | D        | Noticed a meat berserker
    58 | D        | Noticed a bag of meat
    58 | D        | Noticed a bag of meat
    59 | D        | Noticed a meat beast
    59 | D        | Noticed a meat berserker
    59 | D        | Killed a destroyer
    60 | D        | Noticed a bag of meat
    60 | D        | Noticed a sculptor of flesh
    60 | D        | Noticed a bag of meat
    61 | D        | Noticed an accursed
    61 | D        | Killed a meat beast
    61 | D        | Killed a meat berserker
    61 | D        | Killed a meat berserker
    61 | D        | Killed a meat berserker
    62 | D        | Noticed a bag of meat
    62 | D        | Noticed a meat berserker
    62 | D        | Noticed a bag of meat
    62 | D        | Noticed a bag of meat
    62 | D        | Noticed a bag of meat
    62 | D        | Noticed a bag of meat
    62 | D        | Noticed a meat berserker
    63 | D        | Noticed a bag of meat
    63 | D        | Noticed a meat berserker
    63 | D        | Killed a bag of meat
    64 | D        | Noticed a tyrant
    64 | D        | Noticed a bag of meat
    64 | D        | Noticed a bag of meat
    65 | D        | Noticed a meat berserker
    65 | D        | Noticed a bag of meat
    65 | D        | Killed a meat berserker
    65 | D        | Killed a bag of meat
    66 | D        | Noticed a destroyer
    66 | D        | Killed a bag of meat
    67 | D        | Noticed a large bag of meat
    67 | D        | Noticed a meat berserker
    67 | D        | Noticed a meat berserker
    67 | D        | Killed a meat berserker
    68 | D        | Noticed a bag of meat
    68 | D        | Noticed a bag of meat
    68 | D        | Noticed a meat berserker
    68 | D        | Noticed a bag of meat
    68 | D        | Killed an accursed
    68 | D        | Killed a meat berserker
    68 | D        | Killed a meat berserker
    68 | D        | Killed a bag of meat
    68 | D        | Killed a bag of meat
    69 | D        | HP: 6/273 [destroyer/+9 great sword of slicing (52)]
    69 | D        | Slain by a destroyer

Vault maps used:
D:        meatsprint

Action                   |  1- 3 |  4- 6 |  7- 9 | 10-12 | 13-15 | 16-18 | 19-21 | 22-24 | 25-27 || total
-------------------------+-------+-------+-------+-------+-------+-------+-------+-------+-------++-------
Melee: Executioner's axe |     1 |       |       |       |     2 |     5 |     6 |     6 |    20 ||    40
 Cast: Apportation       |       |       |       |       |       |       |       |     1 |       ||     1
